 Dungeon Sprint DCSS version 0.27-a0-1278-g6cbc8dfb29 (webtiles) character file.

Game seed: 6146482590041924655

280 mhtbhm the Carver (level 6, -3/59 HPs)
             Began as a Barachi Berserker on June 12, 2021.
             Was a Priest of Trog.
             Slain by a wandering mushroom (17 damage)
             ... in the Dungeon (Sprint IV: "Fedhas' Mad Dash").
             The game lasted 00:01:17 (916 turns).

mhtbhm the Carver (Barachi Berserker)                Turns: 916, Time: 00:01:17

Health: -3/59      AC:  2    Str: 20    XL:     6   Next: 27%
Magic:  5/6        EV: 13    Int:  7    God:    Trog [***...]
Gold:   76         SH:  0    Dex: 12    Spells: 5/5 levels left

rFire    . . .     SeeInvis .   a - +0 falchion
rCold    . . .     Faith    .   (no shield)
rNeg     . . .     Spirit   .   b - +0 animal skin
rPois    .         Reflect  .   (no helmet)
rElec    .         Harm     .   (no cloak)
rCorr    .         Rampage  .   (no gloves)
Will     .....     NoTele   +   (no boots)
Stlth    ++........             i - amulet of invisibility {+Inv}
HPRegen  0.19/turn              (no ring)
MPRegen  0.10/turn              (no ring)

@: on berserk cooldown, very slightly contaminated, slowed, invisible, very slow
A: amphibious, slowness 1, strong legs 1, +LOS
a: Hop, Renounce Religion, Evoke Invisibility, Berserk, Trog's Hand


You were in the Dungeon.
You worshipped Trog.
Trog was most pleased with you.
You visited 1 branch You collected 76 gold pieces.

Inventory:

Hand Weapons
 a - a +0 falchion (weapon)
Armour
 b - a +0 animal skin (worn)
Jewellery
 i - the amulet of invisibility (around neck) {+Inv}
   (You found it in the Dungeon)

   [amulet of nothing]

   It lets you turn invisible.
Scrolls
 h - a scroll of blinking
 j - a scroll of vulnerability {unknown}
 k - a scroll of brand weapon {unknown}
Potions
 e - a potion of haste
 f - 2 potions of magic
 g - a potion of berserk rage


   Skills:
 + Level 9.6 Fighting
 + Level 9.9 Long Blades
 + Level 5.1 Armour
 + Level 5.1 Dodging
 + Level 1.9 Stealth
 + Level 2.4 Evocations


You had 5 spell levels left.
You didn't know any spells.
Your spell library was empty.

Dungeon Overview and Level Annotations

Branches:
Dungeon (1/1)

Altars:
Cheibriados
Dithmenos
Elyvilon
Gozag
Hepliaklqana
Kikubaaqudgha
Makhleb
Nemelex Xobeh
Okawaru
Qazlal
Ru
Sif Muna
Trog
Uskayaw
Vehumet
Wu Jian
Xom
Yredelemnul
Zin
The Shining One
Beogh
Jiyva
Lugonu

Shops:
D =?


Innate Abilities, Weirdness & Mutations

You are amphibious.
You cover ground slowly.
You can hop short distances.
You have an extended range of vision and can be seen from far away.


Message History

You are confused.
You are too berserk!
You're too confused to move!
You feel sick.
The scorpion stings you but does no damage.
Unknown command.
You're too confused to move!
You feel your anger nearly subside.
You feel sick.
The wandering mushroom closely misses you.
The burning bush throws fire at you. The puff of flame hits you.
You are no longer berserk.
You are exhausted.
You feel yourself slow down.
You feel sick.
The wandering mushroom releases spores at you!
* * * LOW HITPOINT WARNING * * *
You are engulfed in a cloud of spores!
You are more confused.
You see here a scroll labelled GAPENG MUFUCK.
You are too confused!
Unknown command.
You feel better. The scorpion misses you.
The wandering mushroom releases spores at you!
* * * LOW HITPOINT WARNING * * *
You are engulfed in a cloud of spores!
You are confused.
The scorpion stings you but does no damage.
Unknown command.
You feel much better. The scorpion stings you!
The wandering mushroom closely misses you.
The scorpion stings you.
* * * LOW HITPOINT WARNING * * *
The wandering mushroom barely misses you.
Unknown command.
Okay, then.
You hit the wandering mushroom but do no damage.
You feel less confused. The scorpion misses you.
The wandering mushroom releases spores at you!
You die...

###################
_._.⌠.#..)...#....#
._._..'..#...#f..P+
_._...#..###'##s@[#
._._..#..##∩∩.'..f#
_._.⌠.#############
#######


You could see 2 wandering mushrooms, a burning bush and a scorpion.

Vanquished Creatures
  2 scorpions (D)
  3 oklob saplings (D)
  2 spriggans (D)
  A river rat (D)
  A rat (D)
9 creatures vanquished.

Notes
Turn   | Place    | Note
-------+----------+-------------------------------------------
     0 | D        | mhtbhm the Barachi Berserker began the quest for the Orb.
     0 | D        | Reached XP level 1. HP: 18/18 MP: 1/1
    12 | D        | Reached XP level 2. HP: 26/26 MP: 2/2
    74 | D        | Noticed an oklob sapling
    75 | D        | Killed an oklob sapling
    75 | D        | Reached ** piety under Trog
    76 | D        | Reached XP level 3. HP: 11/34 MP: 3/3
   302 | D        | Noticed a scorpion
   303 | D        | Found the amulet of invisibility {+Inv}
   312 | D        | Killed a scorpion
   313 | D        | Reached XP level 4. HP: 35/43 MP: 4/4
   576 | D        | Found an opulent altar of Gozag.
   576 | D        | Found a hazy altar of Hepliaklqana.
   576 | D        | Found a viscous altar of Jiyva.
   576 | D        | Found a burning altar of Makhleb.
   576 | D        | Found a sparkling altar of Nemelex Xobeh.
   576 | D        | Found a snail-covered altar of Cheibriados.
   576 | D        | Found a sacrificial altar of Ru.
   576 | D        | Found a shimmering blue altar of Sif Muna.
   576 | D        | Found a bloodstained altar of Trog.
   576 | D        | Found a shimmering altar of Xom.
   576 | D        | Found a basalt altar of Yredelemnul.
   576 | D        | Noticed an oklob sapling priest
   577 | D        | Found an iron altar of Okawaru.
   577 | D        | Found a shadowy altar of Dithmenos.
   577 | D        | Found an ornate altar of the Wu Jian Council.
   577 | D        | Found a glowing silver altar of Zin.
   578 | D        | Found an ancient bone altar of Kikubaaqudgha.
   578 | D        | Found a hide-covered altar of Uskayaw.
   579 | D        | Found a stormy altar of Qazlal.
   579 | D        | Found a white marble altar of Elyvilon.
   579 | D        | Found a glowing golden altar of the Shining One.
   580 | D        | Found a corrupted altar of Lugonu.
   580 | D        | Found a radiant altar of Vehumet.
   588 | D        | Killed an oklob sapling priest
   589 | D        | Reached XP level 5. HP: 31/49 MP: 3/5
   768 | D        | Reached *** piety under Trog
   769 | D        | Reached skill level 1 in Stealth
   769 | D        | Reached skill level 1 in Evocations
   827 | D        | Reached XP level 6. HP: 58/58 MP: 6/6
   829 | D        | Reached skill level 5 in Armour
   829 | D        | Reached skill level 5 in Dodging
   897 | D        | Found Siwoi's Magic Scroll Shop.
   897 | D        | Found Wytobawk's Jewellery Emporium.
   907 | D        | Noticed a burning bush
   907 | D        | Noticed a wandering mushroom
   908 | D        | Noticed a wandering mushroom
   916 | D        | Slain by a wandering mushroom

Illustrated notes

Levels and vault maps discovered:
D:        dungeon_sprint_fedhas [sprint_temple]

Skill      XL: |  1  2  3  4  5  6 |
---------------+-------------------+-----
Fighting       | 4 6 7 8 9 |  9.6
Long Blades    | 4 6 7 8 9 |  9.9
Armour         | 3 4 5 |  5.1
Dodging        | 3 4 5 |  5.1
Stealth        | 1 |  1.9
Evocations     | 2 |  2.4

Action                   |  1- 3 |  4- 6 || total
-------------------------+-------+-------++-------
Melee: Falchion          |    13 |    18 ||    31
Invok: Berserk           |     3 |     4 ||     7
 Abil: Evoke Invisibilit |       |     3 ||     3
  Use: Potion            |       |     2 ||     2
 Stab: Invisible         |       |     1 ||     1
Armor: Animal skin       |     2 |     2 ||     4
Dodge: Dodged            |     2 |     8 ||    10
       Rpst.: Falchion   |     1 |     3 ||     4

Table legend: (Time is in decaauts)
 A = Elapsed time spent in this place.
 B = Non-inter-level travel time spent in this place.
 C = Inter-level travel time spent in this place.
 D = Time resting spent in this place.
 E = Time spent auto-exploring this place.
 F = Levels seen in this place.
 G = Mean time per level.
                   A        B        C        D        E       F      G
               +--------+--------+--------+--------+--------+-----+--------+
         Total |    993 |    993 |      0 |    818 |      3 |   1 |  993.0 |
       Dungeon |    993 |    993 |      0 |    818 |      3 |   1 |  993.0 |
               +--------+--------+--------+--------+--------+-----+--------+

Top non-repeatable levels by time:
       D: 993 daAuts
